 Dungeon Crawl Stone Soup version 0.26.0-15-gc6cd9f700b (webtiles) character file.

Game seed: 11989905472398028138

331831 wormsofcant the Warrior (level 21, -1/185 HPs)
             Began as a Hill Orc Fire Elementalist on Jan 15, 2021.
             Was the Champion of Beogh.
             Slain by a deep elf blademaster
             ... wielding a +1 rapier of flaming
              (34 damage)
             ... on level 2 of the Depths on Jan 16, 2021.
             The game lasted 03:53:56 (79735 turns).

wormsofcant the Warrior (HOFE)                     Turns: 79735, Time: 03:53:57

Health: -1/185     AC: 30    Str: 20    XL:     21   Next: 78%
Magic:  25/29      EV: 13    Int: 34    God:    Beogh [******]
Gold:   452        SH:  0    Dex: 21    Spells: 8/36 levels left

rFire    . . .     SeeInvis .   a - +9 lajatang (vamp)
rCold    . . .     Faith    .   (shield currently unavailable)
rNeg     . . .     Spirit   .   W - +6 chain mail of Soft Rains {*Contam Int+2 Dex+5, !@}
rPois    .         Reflect  .   X - +1 helmet {Int+3}
rElec    +         Harm     .   D - +2 cloak
rCorr    .         Rampage  .   z - +1 pair of gloves
Will     +....                  K - +2 pair of boots
Stlth    ..........             Y - amulet "Onaytz" {RegenMP rElec Str+4 Slay+3}
HPRegen  0.40/turn              n - ring "Qiojauna" {Wiz Int+3 Dex+5 Stlth-}
MPRegen  0.46/turn              P - +6 ring of intelligence

@: no status effects
A: walk on water, low mp 1
}: 2/15 runes: serpentine, barnacled
a: Renounce Religion, Smiting, Recall Orcish Followers, Give Item to Named
Follower, Resurrection


You were on level 2 of the Depths.
You worshipped Beogh.
Beogh was exalted by your worship.
You visited 7 branches of the dungeon, and saw 37 of its levels.
You also visited: Sewer, Bailey, Wizlab and Desolation.

You collected 4652 gold pieces.
You spent 4200 gold pieces at shops.

Inventory:

Hand Weapons
 a - a +9 vampiric lajatang (weapon)
 b - a +4 hand crossbow of freezing
 c - the +6 arbalest "Damnation" {damnation}
   (You acquired it on level 14 of the Dungeon)
 f - the +4 trident "Juih Tau" {vorpal, rElec rPois Str+2 Int-4}
   (You found it on level 2 of the Depths)

   It inflicts extra damage upon your enemies.
   It affects your strength (+2).
   It affects your intelligence (-4).
   It insulates you from electricity.
   It protects you from poison.
Missiles
 e - 6 throwing nets (quivered)
 R - 850 bolts
Armour
 z - a +1 pair of gloves (worn)
 D - a +2 cloak (worn)
 K - a +2 pair of boots (worn)
 W - the +6 chain mail of Soft Rains (worn) {*Contam Int+2 Dex+5, !@}
   (You found it on level 7 of the Dungeon)

   It affects your intelligence (+2).
   It affects your dexterity (+5).
   It causes magical contamination when unequipped.
 X - a +1 helmet of intelligence (worn)
Jewellery
 n - the ring "Qiojauna" (left hand) {Wiz Int+3 Dex+5 Stlth-}
   (You bought it in a shop on level 2 of the Orcish Mines)

   [ring of wizardry]

   It improves your spell success rate.
   It affects your intelligence (+3).
   It affects your dexterity (+5).
   It makes you less stealthy.
 q - the ring of Tixin {rElec rC+}
   (You took it off an imperial myrmidon in the Desolation of Salt)

   [ring of protection from cold]

   It protects you from cold.
   It insulates you from electricity.
 v - the ring of Qazlal's Regard {+Fly Will+ Str+2 Dex+4}
   (You found it in a bailey)

   [ring of flight]

   It affects your strength (+2).
   It affects your dexterity (+4).
   It affects your willpower, your defense against some magical effects.
   It lets you fly.
 H - an uncursed ring of fire
 J - the ring of Diteud {AC+4 Str+4 Int-3 Dex+6 Stlth+}
   (You took it off an orc warrior on level 7 of the Dungeon)

   [ring of protection]

   It affects your AC (+4).
   It affects your strength (+4).
   It affects your intelligence (-3).
   It affects your dexterity (+6).
   It makes you more stealthy.
 P - a +6 ring of intelligence (right hand)
 Y - the amulet "Onaytz" (around neck) {RegenMP rElec Str+4 Slay+3}
   (You bought it in a shop on level 1 of the Snake Pit)

   [amulet of magic regeneration]

   It increases your magic regeneration.
   It affects your strength (+4).
   It affects your accuracy and damage with ranged weapons and melee attacks
   (+3).
   It insulates you from electricity.
Wands
 s - a wand of polymorph (15)
 A - a wand of disintegration (84)
 B - a wand of paralysis (7)
 F - a wand of enslavement (33)
 L - a wand of acid (17)
 U - a wand of iceblast (40)
 Z - a wand of digging (8)
Scrolls
 d - 21 scrolls of remove curse
 h - 2 scrolls of magic mapping
 k - 4 scrolls of vulnerability
 l - 3 scrolls of fog
 o - 2 scrolls of fear
 E - 4 scrolls of teleportation
 V - a scroll of holy word
Potions
 g - 3 potions of magic
 i - a potion of resistance
 j - 17 potions of curing
 m - 7 potions of mutation
 p - 11 potions of lignification
 r - 2 potions of berserk rage
 t - 4 potions of ambrosia
 u - 5 potions of haste
 G - 8 potions of might
 I - 5 potions of brilliance
 S - 2 potions of cancellation
Miscellaneous
 x - a phantom mirror
 y - a condenser vane
 M - a tin of tremorstones (2/2)
 N - a box of beasts
 O - a phial of floods


   Skills:
 * Level 15.4 Fighting
 - Level 14.0 Staves
 - Level 12.0 Crossbows
 - Level 12.0 Armour
 - Level 8.0 Dodging
 - Level 1.5 Stealth
 - Level 8.0 Spellcasting
 - Level 12.0 Conjurations
 + Level 9.1 Hexes
 - Level 4.0 Necromancy
 - Level 6.0 Translocations
 - Level 14.0 Fire Magic
 - Level 8.0 Ice Magic
 - Level 6.0 Air Magic
 - Level 12.0 Invocations
 - Level 6.0 Evocations


You had 8 spell levels left.
You knew the following spells:

 Your Spells              Type           Power        Failure   Level
a - Frozen Ramparts       Ice            100%         1%          3
c - Sticky Flame          Conj/Fire      80%          1%          4
d - Fireball              Conj/Fire      40%          1%          5
x - Apportation           Tloc           100%         1%          1
z - Animate Skeleton      Necr           80%          1%          1
A - Ozocubu's Armour      Ice            61%          1%          3
B - Portal Projectile     Hex/Tloc       100%         1%          3
P - Cause Fear            Hex            33%          1%          4
Q - Blink                 Tloc           N/A          1%          2
U - Swiftness             Air            53%          1%          2

Your spell library contained the following spells:

 Spells                   Type           Power        Failure   Level
 Corona                   Hex            73%          1%          1
 Foxfire                  Conj/Fire      100%         1%          1
 Freeze                   Ice            100%         1%          1
 Magic Dart               Conj           100%         1%          1
 Shock                    Conj/Air       100%         1%          1
 Corpse Rot               Necr/Air       N/A          1%          2
 Searing Ray              Conj           100%         1%          2
 Slow                     Hex            66%          1%          2
 Confusing Touch          Hex            66%          1%          3
 Conjure Flame            Conj/Fire      80%          1%          3
 Dazzling Flash           Conj/Hex       100%         1%          3
 Inner Flame              Hex/Fire       75%          1%          3
 Static Discharge         Conj/Air       65%          1%          3
 Fulminant Prism          Conj/Hex       35%          1%          4
 Hailstorm                Conj/Ice       69%          1%          4
 Iskenderun's Mystic Bla  Conj/Tloc      65%          1%          4
 Iskenderun's Battlesphe  Conj           76%          1%          5
 Sublimation of Blood     Necr           20%          2%          2
 Gell's Gravitas          Tloc           26%          2%          3
 Lesser Beckoning         Tloc           26%          2%          3
 Mephitic Cloud           Conj/Pois/Air  53%          2%          3
 Stone Arrow              Conj/Erth      100%         2%          3
 Teleport Other           Tloc           53%          2%          3
 Poisonous Vapours        Pois/Air       68%          3%          2
 Ignite Poison            Fire/Tmut/Pois 45%          4%          3
 Lightning Bolt           Conj/Air       32%          6%          5
 Airstrike                Air            26%          7%          4
 Passage of Golubria      Tloc           N/A          7%          4
 Sting                    Tmut/Pois      52%          9%          1
 Summon Small Mammal      Summ           52%          9%          1
 Silence                  Hex/Air        30%          11%         5
 Leda's Liquefaction      Hex/Erth       22%          12%         4
 Dispel Undead            Necr           40%          16%         4
 Summon Ice Beast         Ice/Summ       40%          16%         4
 Irradiate                Conj/Tmut      26%          19%         5
 Spider Form              Tmut/Pois      6%           24%         3
 Summon Lightning Spire   Summ/Air       34%          24%         4
 Conjure Ball Lightning   Conj/Air       32%          30%         6
 Summon Mana Viper        Hex/Summ       44%          32%         5
 Yara's Violent Unravell  Hex/Tmut       22%          32%         5
 Freezing Cloud           Conj/Ice/Air   32%          34%         6
 Agony                    Necr           40%          38%         5
 Excruciating Wounds      Necr           20%          38%         5
 Summon Forest            Summ/Tloc      17%          52%         5
 Olgreb's Toxic Radiance  Pois           13%          58%         4
 Dispersal                Tloc           26%          69%         6
 Blade Hands              Tmut           6%           89%         5
 Summon Demon             Summ           6%           89%         5
 Spellforged Servitor     Conj/Summ      26%          99%         7
 Eringya's Noxious Bog    Tmut/Pois      6%           100%        6
 Hydra Form               Tmut           6%           100%        6
 Shadow Creatures         Summ           N/A          100%        6
 Statue Form              Tmut/Erth      8%           100%        6
 Dragon Form              Tmut           6%           100%        7
 Summon Hydra             Summ           6%           100%        7
 Chain Lightning          Conj/Air       32%          100%        8
 Discord                  Hex            33%          100%        8
 Disjunction              Tloc           26%          100%        8
 Lehudib's Crystal Spear  Conj/Erth      26%          100%        8
 Absolute Zero            Ice            30%          100%        9
 Fire Storm               Conj/Fire      40%          100%        9


Dungeon Overview and Level Annotations

Branches:
Dungeon (15/15)            Temple (0/1) D:5            Lair (6/6) D:10
 Shoals (4/4) Lair:4        Snake (4/4) Lair:3        Slime (0/5) Lair:5
    Orc (2/2) D:10            Elf (0/3) Orc:2        Vaults (4/5) D:13
  Crypt (0/3) Vaults:2     Depths (2/5) D:15          Sewer (visited)
 Bailey (visited)          WizLab (visited)         Desolation (visited)

Altars:
Ashenzari
Cheibriados
Elyvilon
Fedhas
Qazlal
Trog
Vehumet
Wu Jian
Xom
Beogh
Jiyva

Shops:
D:5 [   D:14 *   D:15 *   Orc:2 *=[(*   Shoals:2 [   Shoals:4 ?   Snake:1 :=
Vaults:1 *   Vaults:4 =   Depths:1 }[

Portals:
Hell: Depths:1

Annotations:
D:8 4 exclusions
D:11 2 transporters, Gadfly's ghost, journeyman FoFi
Shoals:1 3 runed translucent doors, exclusion: obsidian statue, qdestroyer's ghost, journeyman MiFi
Vaults:4 exclusion: 3 downstairs


Innate Abilities, Weirdness & Mutations

You can walk on water.
Your magical capacity is low. (-10% MP)


Message History

The deep elf blademaster hits you with a +1 rapier of flaming.
The deep elf blademaster burns you.
The deep elf blademaster completely misses you.
Your orc knight closely misses the deep elf blademaster.
Wargath hits the deep elf blademaster from afar with the +8 spear of Cafam {vorpal, rPois}!!
Your chain mail of Soft Rains prevents you from hitting the deep elf blademaster.
The deep elf blademaster is heavily wounded.
The deep elf blademaster hits you with a +1 rapier of flaming!!
The deep elf blademaster burns you.
The deep elf blademaster hits you with a +1 rapier of freezing!
* * * LOW HITPOINT WARNING * * *
The deep elf blademaster freezes you.
* * * LOW HITPOINT WARNING * * *
Your orc warrior barely misses the deep elf blademaster.
The deep elf blademaster hits you with a +1 rapier of flaming!
* * * LOW HITPOINT WARNING * * *
The deep elf blademaster burns you.
* * * LOW HITPOINT WARNING * * *
The deep elf blademaster hits you with a +1 rapier of freezing!!
You die...

....# #'#'# ###
#...# .... #...#
#(..# #...# .((...
#######...#####(.(#
..'.......Z...'...#
..#(...[..oo..#...#
..'...).)o@e..'...#
..#####.)o#########
. #...#.).#
#.#.#.≈.# #...#...#
#####'#)#...#####
#...#...........#
#(<.#.....#...≈.#
#.()#...........#


You could see a deep elf blademaster (berserk), the friendly Brunolf the orc
warlord (strong), the friendly Wargath the orc warlord (strong), a friendly orc
knight (strong), a friendly orc warrior (strong) and a friendly deep elf
annihilator skeleton.

Vanquished Creatures
  An ancient lich (Depths:2)
  Asterion (Vaults:3)
  The ghost of Soawkar the Warrior, an adept GrFi of Okawaru (Snake:3)
  A titan (Depths:2)
  A sphinx (Depths:1)
  2 nagarajas (Snake:4)
  A fire giant (Depths:2)
  3 orc warlords
  An imperial myrmidon (Desolation)
  Louise (D:14)
  3 frost giants
  6 vault wardens
  4 ironheart preservers
  11 stone giants
  A vampire knight (Vaults:2)
  4 very ugly things (Depths:1)
  Nessos (D:13)
  2 halazid warlocks (Desolation)
  An entropy weaver (Vaults:1)
  A lorocyproca (Depths:2)
  9 purple draconians (WizLab)
  2 deep elf annihilators (Depths:2)
  3 ettins
  5 merfolk impalers
  9 statues (WizLab)
  3 crystal guardians (Desolation)
  5 ragged hierophants (Desolation)
  4 merfolk javelineers
  A deep elf death mage (Vaults:2)
  7 ogre magi
  A fire dragon (Depths:1)
  3 yaktaur captains
  An ice dragon (Depths:1)
  6 boulder beetles
  4 great orbs of eyes
  4 hydras
  5 naga warriors
  A boulder beetle (shapeshifter) (Depths:2)
  3 rakshasas
  3 servants of whispers (Desolation)
  3 peacekeepers (Desolation)
  4 merfolk aquamancers (Shoals:4)
  2 spriggan air magi
  A satyr (Shoals:4)
  3 anacondas
  19 two-headed ogres
  2 death knights
  2 death yaks (Shoals:2)
  A centaur warrior (Vaults:2)
  An alligator snapping turtle (Shoals:2)
  8 deep troll earth magi
  4 deep troll shamans
  A tengu warrior (Depths:1)
  5 naga sharpshooters
  2 orc high priests (Vaults:4)
  A deep elf knight (Vaults:4)
  A spriggan berserker (Depths:1)
  A spriggan (Lair:4)
  A shadow wraith (Vaults:4)
  An iron troll (Depths:1)
  A salamander mystic (Snake:3)
  A hell knight (Depths:1)
  2 glowing orange brains
  A skeletal warrior (D:9)
  5 wizards
  15 deep trolls
  An unseen horror (shapeshifter) (Vaults:4)
  7 sea snakes
  2 unseen horrors (D:15)
  A naga ritualist (Snake:4)
  4 harpies
  19 deep elf magi
  11 ironbrand convokers
  2 orc sorcerers (Orc:1)
  5 mana vipers
  A harpy (shapeshifter) (Depths:1)
  2 lindwurms
  8 ugly things
  A wolf spider (shapeshifter) (Depths:2)
  3 fauns
  4 orc knights
  A salamander (shapeshifter) (Vaults:2)
  2 salamanders
  6 cyclopes
  6 manticores
  7 elephants
  Joseph (D:7)
  13 naga magi
  4 vault sentinels
  4 merfolk sirens
  15 black mambas
  2 molten gargoyles (Lair:6)
  8 guardian serpents
  5 water nymphs
  3 cane toads
  3 kobold demonologists
  A freezing wraith (Vaults:2)
  An efreet (Depths:2)
  A komodo dragon (Lair:4)
  10 yaktaurs
  17 merfolk
  A tengu conjurer (Depths:1)
  A polar bear (Lair:4)
  A hornet (shapeshifter) (D:15)
  3 hornets
  4 wind drakes (Shoals:4)
  57 saltlings
  2 trolls
  7 blink frogs
  7 slime creatures (Depths:1)
  5 snapping turtles
  Prince Ribbit (D:6)
  3 human simulacra
  A wind drake (shapeshifter) (Vaults:2)
  A redback (Vaults:4)
  A spriggan (shapeshifter) (Vaults:1)
  5 wyverns
  2 wraiths
  A hog (shapeshifter) (Vaults:1)
  10 water elementals
  15 yaks
  2 basilisks
  9 humans (D:13)
  A vampire mosquito (D:15)
  2 steam dragons (Lair:6)
  An acid dragon (Vaults:1)
  25 nagas
  A water moccasin (shapeshifter) (Depths:1)
  2 water moccasins (Lair:1)
  20 orc warriors
  A hell hound (Lair:6)
  3 sky beasts
  2 ice beasts
  A black bear (shapeshifter) (D:14)
  An eye of draining (D:7)
  A necrophage (D:7)
  A phantom (D:6)
  7 boggarts (Vaults:1)
  16 ogres
  9 centaurs
  6 wolves
  2 big kobolds
  14 bullfrogs
  A human skeleton (Vaults:2)
  A gnoll sergeant (D:8)
  A wyvern skeleton (D:9)
  7 scorpions
  11 killer bees
  4 wights (D:11)
  3 howler monkeys
  2 bullfrog zombies
  2 lava snakes (Lair:6)
  4 hounds
  4 jellies
  9 orc wizards
  A gnoll shaman (D:7)
  6 orc priests
  4 centaur skeletons
  Terence (D:3)
  4 iguanas
  Natasha (thrice) (D:3 D:2)
  11 worker ants
  A bullfrog simulacrum (D:13)
  2 hound skeletons
  2 hound zombies
  A worker ant zombie (D:7)
  13 adders
  14 gnolls
  2 shadow imps
  An ufetubus (D:10)
  4 oozes
  An adder zombie (D:8)
  A worm (D:3)
  4 adder skeletons
  3 dart slugs
  11 leopard geckos
  24 orcs
  3 ball pythons (Sewer)
  14 bats
  8 giant cockroaches
  13 goblins
  6 hobgoblins
  15 jackals
  26 kobolds
  4 quokkas
  9 frilled lizards
  A jackal zombie (D:5)
  A leopard gecko skeleton (D:4)
  2 quokka skeletons
  A quokka zombie (D:5)
  10 rats
926 creatures vanquished.

Vanquished Creatures (collateral kills)
  Boris (twice) (Vaults:4 Depths:1)
  Frederick (Vaults:4)
  Saint Roka (Vaults:1)
  A titan (Shoals:2)
  A deep elf master archer (Depths:2)
  The ghost of Lolleill the Bludgeoner, an adept DgTm (Vaults:3)
  Gastronok (Lair:1)
  Polyphemus (Shoals:2)
  A storm dragon (Vaults:1)
  Ilsuiw (Shoals:2)
  3 nagarajas
  A tengu reaver (Depths:2)
  2 fire giants
  2 orc warlords
  An iron dragon (Depths:1)
  4 frost giants
  3 vault wardens
  4 stone giants
  3 very ugly things
  7 ironheart preservers
  A lorocyproca (Depths:1)
  An entropy weaver (Vaults:4)
  3 ettins
  The ghost of Aricsoirch the Bludgeoner, a journeyman GrFi of Okawaru (Lair:4)
  A merfolk javelineer (Shoals:2)
  6 merfolk impalers
  3 yaktaur captains
  5 ogre magi
  A ragged hierophant (Desolation)
  3 ice dragons
  2 boulder beetles
  9 slime creatures
  A great orb of eyes (Vaults:4)
  5 hydras
  2 fire dragons
  6 vault guards
  A juggernaut simulacrum (Depths:2)
  A rakshasa (Vaults:3)
  Harold (D:8)
  A spriggan air mage (Depths:1)
  A servant of whispers (Vaults:4)
  A catoblepas (Shoals:2)
  10 naga warriors
  2 merfolk avatars
  3 death knights
  8 two-headed ogres
  3 centaur warriors
  A merfolk aquamancer (Shoals:2)
  6 anacondas
  5 deep troll earth magi
  3 deep troll shamans
  Urug (D:13)
  A satyr (Shoals:4)
  A death yak (Shoals:2)
  3 orc high priests
  4 deep elf knights
  5 naga sharpshooters
  4 shock serpents
  A salamander mystic (Snake:3)
  An unseen horror (Vaults:1)
  2 skeletal warriors
  A storm dragon skeleton (Vaults:4)
  10 deep trolls
  A flayed ghost (Vaults:3)
  4 ironbrand convokers
  2 sea snakes
  3 naga ritualists
  7 deep elf archers
  A phantasmal warrior (Vaults:2)
  7 harpies
  3 necromancers
  8 orc knights
  2 wizards (D:11)
  A tengu zombie (Vaults:3)
  7 deep elf magi
  5 manticores
  12 ugly things
  4 mana vipers
  7 cyclopes
  11 salamanders
  An orc sorcerer (Orc:2)
  2 fauns (Shoals:3)
  A fire giant zombie (Vaults:3)
  A stone giant skeleton (Vaults:2)
  16 black mambas
  2 guardian serpents (Desolation)
  4 vault sentinels
  7 merfolk sirens
  9 elephants
  3 water nymphs
  A molten gargoyle (Lair:6)
  A cane toad (shapeshifter) (Vaults:2)
  12 naga magi
  6 cane toads
  2 kobold demonologists
  10 komodo dragons
  4 rime drakes
  8 yaktaurs
  2 freezing wraiths (Vaults:3)
  21 merfolk
  3 polar bears
  2 trolls
  6 blink frogs (Lair:1)
  7 saltlings
  A fire giant simulacrum (Vaults:3)
  6 snapping turtles
  2 wind drakes
  10 dream sheep
  2 ettin skeletons
  A shadow (D:12)
  3 redbacks (Vaults:4)
  28 yaks
  A yak (shapeshifter) (Vaults:3)
  A spriggan (Lair:4)
  8 water elementals
  4 wyverns
  A hog (shapeshifter) (Vaults:4)
  2 wraiths
  A human (shapeshifter) (Vaults:3)
  Grum (D:9)
  3 basilisks
  7 humans (D:13)
  3 vampire mosquitoes
  2 steam dragons
  4 wargs
  20 nagas
  9 water moccasins
  2 hell hounds (Lair:6)
  3 sky beasts
  2 ice beasts
  13 orc warriors
  3 phantoms
  An eye of draining (D:12)
  18 ogres
  9 centaurs
  3 boggarts
  4 wolves
  2 human skeletons
  3 big kobolds
  9 bullfrogs
  2 wyvern skeletons (D:9)
  A killer bee (D:10)
  4 wights (D:11)
  3 lava snakes (Lair:6)
  A quasit (D:12)
  3 bullfrog skeletons
  5 hounds
  An orc priest (Orc:1)
  A centaur skeleton (D:7)
  6 orc wizards
  An iguana (D:11)
  2 worker ants
  2 adders
  6 gnolls
  A white imp (D:7)
  An adder skeleton (D:7)
  A leopard gecko (D:7)
  23 orcs
  2 quokkas
  2 kobolds (D:11)
  12 foxfires
660 creatures vanquished.

Vanquished Creatures (others)
  2 orc warlords
  An ogre mage (Vaults:2)
  7 orc knights
  4 orc sorcerers
  A naga mage (Snake:4)
  18 orc warriors
  A wyvern (D:7)
  6 orc wizards
  12 orc priests
  50 orcs
  1115 foxfires
  33 fungi
  182 plants
1432 creatures vanquished.

Grand Total: 3018 creatures vanquished

Notes
Turn   | Place    | Note
-------+----------+-------------------------------------------
     0 | D:1      | wormsofcant the Hill Orc Fire Elementalist began the quest
                  | for the Orb.
     0 | D:1      | Reached XP level 1. HP: 14/14 MP: 3/3
   225 | D:1      | Reached XP level 2. HP: 20/20 MP: 2/4
   492 | D:2      | Reached XP level 3. HP: 26/26 MP: 1/5
   546 | D:2      | Learned a level 3 spell: Conjure Flame
  1133 | D:2      | Reached XP level 4. HP: 33/33 MP: 3/6
  1682 | D:2      | Reached XP level 5. HP: 38/38 MP: 5/8
  1687 | D:2      | Learned a level 4 spell: Sticky Flame
  2284 | D:2      | Found an ornate altar of the Wu Jian Council.
  2289 | D:2      | Noticed a spectral centipede
  2289 | D:2      | Noticed a spectral black mamba
  2289 | D:2      | Noticed a spectral cane toad
  2313 | D:3      | Noticed Natasha
  2321 | D:3      | Killed Natasha
  2378 | D:3      | Noticed Terence
  2387 | D:3      | Killed Terence
  2506 | D:3      | Reached skill level 5 in Fire Magic
  2769 | D:3      | Reached XP level 6. HP: 45/45 MP: 7/9
  2834 | D:3      | Noticed Natasha
  2865 | D:2      | Killed Natasha
  3107 | D:2      | Noticed Natasha
  3113 | D:2      | Killed Natasha
  3221 | D:3      | Became a worshipper of Beogh the Brigand
  4534 | D:4      | Found a blossoming altar of Fedhas.
  4690 | D:4      | Reached skill level 5 in Conjurations
  4690 | D:4      | Reached XP level 7. HP: 50/50 MP: 4/10
  5367 | D:4      | Found a snail-covered altar of Cheibriados.
  5368 | D:4      | Found a stormy altar of Qazlal.
  5861 | D:5      | Entered Level 5 of the Dungeon
  5940 | D:5      | Got an encrusted chain mail
  5974 | D:5      | Reached * piety under Beogh
  6050 | D:5      | Found a staircase to the Ecumenical Temple.
  6341 | D:5      | Reached XP level 8. HP: 57/57 MP: 6/11
  6474 | D:5      | Found Riempionk's Antique Armour Emporium.
  6825 | D:5      | Found a white marble altar of Elyvilon.
  6893 | D:6      | Identified the +2 chain mail of a Labyrinth {rPois rC+
                  | Regen+ SInv} (You found it on level 5 of the Dungeon)
  7059 | D:6      | Found a shimmering altar of Xom.
  7179 | D:6      | Reached ** piety under Beogh
  7326 | D:6      | Found a bloodstained altar of Trog.
  7437 | D:6      | Reached XP level 9. HP: 53/62 MP: 13/13
  7505 | D:6      | Found a glowing drain.
  7509 | Sewer    | Entered a sewer
  7705 | Sewer    | Reached *** piety under Beogh
  8084 | D:6      | Learned a level 5 spell: Fireball
  8111 | D:6      | Found a shimmering altar of Xom.
  8112 | D:6      | Found a shimmering altar of Xom.
  8112 | D:6      | Found a shimmering altar of Xom.
  8112 | D:6      | Found a shimmering altar of Xom.
  8289 | D:6      | Noticed Prince Ribbit
  8293 | D:6      | Killed Prince Ribbit
  8607 | D:7      | Found a radiant altar of Vehumet.
  8711 | D:7      | Reached skill level 10 in Fire Magic
  8869 | D:7      | Identified the +6 chain mail of Soft Rains {*Contam Int+2
                  | Dex+5}
  8870 | D:7      | lol give me that chain mail maybe
  8873 | D:7      | Identified the ring of Diteud {AC+4 Str+4 Int-3 Dex+6
                  | Stlth+}
  8889 | D:7      | dang that's a good ring
  9096 | D:7      | Got a vibrating bone ring
  9097 | D:7      | Identified the Guide on Captivating Poisoning
  9208 | D:7      | Identified the ring "Reriax" {rElec Stlth+} (You found it
                  | on level 7 of the Dungeon)
  9301 | D:7      | Noticed a two-headed ogre
  9459 | D:7      | Noticed Joseph
  9470 | D:7      | Killed Joseph
  9672 | D:7      | Reached XP level 10. HP: 63/69 MP: 14/14
  9810 | D:7      | F
  9836 | D:7      | Got a twisted robe
  9950 | D:7      | Killed a two-headed ogre
 10054 | D:8      | Noticed Harold
 11163 | D:8      | Reached **** piety under Beogh
 11164 | D:8      | Reached skill level 10 in Conjurations
 11308 | D:8      | Identified the +4 robe "Nuogics" {Slay+4} (You found it on
                  | level 7 of the Dungeon)
 11319 | D:8      | Noticed a lindwurm
 11364 | D:8      | Killed Harold
 11549 | D:8      | Reached skill level 1 in Invocations
 11666 | D:8      | Noticed a two-headed ogre
 11673 | D:8      | Killed a two-headed ogre
 11674 | D:8      | Reached skill level 5 in Invocations
 11728 | D:8      | Reached XP level 11. HP: 47/74 MP: 15/15
 11910 | D:8      | Noticed a lindwurm
 12016 | D:9      | Noticed a skeletal warrior
 12022 | D:9      | Noticed a skeletal warrior
 12146 | D:9      | Noticed Grum
 12168 | D:9      | Killed Grum
 12763 | D:9      | Noticed a skeletal warrior
 12815 | D:8      | Killed a skeletal warrior
 12959 | D:9      | Killed a skeletal warrior
 13464 | D:9      | Killed a skeletal warrior
 13759 | D:10     | Entered Level 10 of the Dungeon
 13759 | D:10     | Found a flagged portal.
 13798 | Bailey   | Entered a bailey
 14036 | Bailey   | Gained Morun as an ally
 14208 | Bailey   | Reached ***** piety under Beogh
 14334 | Bailey   | Got a transparent tin ring
 14550 | Bailey   | Identified the ring of Qazlal's Regard {+Fly Will+ Str+2
                  | Dex+4} (You found it in a bailey)
 14551 | Bailey   | not bad
 14825 | D:10     | Gained Worak as an ally
 15080 | D:10     | Found a staircase to the Orcish Mines.
 15396 | D:10     | Found a staircase to the Lair.
 15791 | Lair:1   | Entered Level 1 of the Lair of Beasts
 15851 | Lair:1   | Reached skill level 5 in Spellcasting
 16331 | Lair:1   | Reached XP level 12. HP: 79/81 MP: 20/20
 16487 | Lair:1   | Noticed Gastronok
 16563 | Lair:1   | Killed Gastronok
 17112 | Lair:1   | Reached skill level 1 in Fighting
 17119 | Lair:1   | Reached skill level 2 in Fighting
 17305 | Lair:1   | Reached skill level 3 in Fighting
 17902 | Lair:2   | Reached skill level 4 in Fighting
 17916 | Lair:2   | Reached skill level 5 in Fighting
 18046 | Lair:2   | Noticed an eight-headed hydra
 18051 | Lair:2   | Killed an eight-headed hydra
 18052 | Lair:2   | Reached skill level 6 in Fighting
 18162 | Lair:2   | Reached skill level 7 in Fighting
 19008 | Lair:3   | Reached skill level 8 in Fighting
 19298 | Lair:3   | Noticed a five-headed hydra
 19305 | Lair:3   | Killed a five-headed hydra
 19398 | Lair:3   | Found a staircase to the Snake Pit.
 19850 | Lair:3   | Gained Zorug as an ally
 19851 | Lair:3   | Reached XP level 13. HP: 83/107 MP: 20/22
 20160 | Lair:4   | Reached skill level 10 in Invocations
 20396 | Lair:4   | Found a runed translucent door.
 20399 | Lair:4   | Noticed Aricsoirch's ghost (journeyman GrFi)
 20399 | Lair:4   | Identified the +8 spear of Cafam {vorpal, rPois}
 20817 | Lair:4   | Found a staircase to the Shoals.
 21249 | Lair:5   | Found a staircase to the Slime Pits.
 21249 | Lair:5   | Found a viscous altar of Jiyva.
 21268 | Lair:5   | Reached skill level 1 in Staves
 21859 | Lair:6   | Entered Level 6 of the Lair of Beasts
 22132 | Lair:6   | Got a spiked ring mail
 22250 | Lair:6   | Reached skill level 5 in Staves
 22381 | Lair:6   | Identified the +4 ring mail of the Circus Animal {rC+ Str+4
                  | Dex+6} (You found it on level 6 of the Lair of Beasts)
 22382 | Lair:6   | dang
 23228 | D:11     | Reached ****** piety under Beogh
 23271 | D:11     | Reached skill level 1 in Evocations
 23276 | D:11     | oh
 23479 | D:11     | Gained Boderik as an ally
 23505 | D:11     | Found a transporter.
 23510 | D:11     | Noticed Gadfly's ghost (journeyman FoFi)
 23527 | D:11     | Found a transporter.
 24248 | D:12     | Learned a level 3 spell: Ozocubu's Armour
 24715 | D:12     | Reached XP level 14. HP: 112/115 MP: 18/23
 24798 | D:12     | Got a dazzling leather armour
 25083 | D:13     | Found a gate to the Vaults.
 25083 | D:13     | Noticed Nessos
 25083 | D:13     | Noticed Urug
 25834 | D:13     | Reached skill level 5 in Evocations
 25987 | D:13     | Gained Borgun as an ally
 25997 | D:13     | Killed Nessos
 26274 | D:13     | Killed Urug
 26676 | D:14     | Identified the +2 leather armour "Hevued" {rN+ SInv} (You
                  | found it on level 12 of the Dungeon)
 26962 | D:14     | Found Wiaxarug's General Store.
 26970 | D:14     | Bought a potion of curing for 33 gold pieces
 26970 | D:14     | Bought a potion of degeneration for 11 gold pieces
 26971 | D:14     | Bought a scroll of identify for 22 gold pieces
 26971 | D:14     | Bought a scroll of identify for 22 gold pieces
 26971 | D:14     | Identified 2 scrolls of acquirement
 26973 | D:14     | Acquired a book of Air
 26975 | D:14     | Acquired the +6 arbalest "Damnation" {damnation}
 26976 | D:14     | Found the +6 arbalest "Damnation" {damnation}
 26977 | D:14     | LET'S GOOOOO
 27616 | D:14     | Noticed Louise
 27637 | D:14     | Killed Louise
 27638 | D:14     | Reached skill level 1 in Crossbows
 28264 | D:15     | Entered Level 15 of the Dungeon
 28381 | D:15     | Found a staircase to the Depths.
 28543 | D:15     | Found Rariec's General Store.
 28549 | D:15     | Bought a potion of haste for 170 gold pieces
 28549 | D:15     | Bought a potion of cancellation for 136 gold pieces
 28549 | D:15     | Bought a potion of might for 68 gold pieces
 28790 | D:15     | Reached skill level 5 in Dodging
 30819 | Lair:6   | Found a large runed translucent door.
 30822 | Lair:6   | Reached skill level 5 in Crossbows
 30822 | Lair:6   | Found a large runed translucent door.
 31490 | Orc:1    | Entered Level 1 of the Orcish Mines
 31651 | Orc:2    | Entered Level 2 of the Orcish Mines
 31651 | Orc:2    | Found Wafaeqob's General Store.
 31658 | Orc:2    | Bought a potion of heal wounds for 80 gold pieces
 31658 | Orc:2    | Bought a scroll of enchant weapon for 120 gold pieces
 31675 | Orc:2    | Found Pamy Gux's Antique Weapon Shoppe.
 31696 | Orc:2    | Bought a scroll of identify for 32 gold pieces
 31717 | Orc:2    | Found a roughly hewn altar of Beogh.
 31934 | Orc:1    | Found a roughly hewn altar of Beogh.
 32064 | Orc:1    | Noticed an orc warlord
 32065 | Orc:1    | Gained Herok as an ally
 32072 | Orc:1    | Killed an orc warlord
 32445 | Orc:2    | Found Eruy's Jewellery Boutique.
 32445 | Orc:2    | Noticed an orc warlord
 32446 | Orc:2    | Paralysed by an orc sorcerer for 6 turns
 33087 | Orc:2    | Killed an orc warlord
 33092 | Orc:2    | Reached XP level 15. HP: 74/118 MP: 15/24
 33099 | Orc:2    | Found Qace's Antique Armour Boutique.
 33380 | Orc:2    | Found a staircase to the Elven Halls.
 33396 | Orc:2    | Found Tosukh's General Store.
 33405 | Orc:2    | Bought a potion of cancellation for 112 gold pieces
 33836 | Snake:1  | Entered Level 1 of the Snake Pit
 34794 | Snake:1  | Found Pagrif's Book Shop.
 34804 | Snake:1  | Found Ogooj's Jewellery Shop.
 34811 | Snake:1  | Bought a book of Cantrips for 240 gold pieces
 34813 | Snake:1  | Learned a level 1 spell: Animate Skeleton
 34815 | Snake:1  | Learned a level 1 spell: Apportation
 34818 | Snake:1  | Learned a level 2 spell: Swiftness
 34837 | Snake:1  | Bought the amulet "Onaytz" {RegenMP rElec Str+4 Slay+3} for
                  | 910 gold pieces
 36562 | Snake:2  | Reached skill level 1 in Ice Magic
 38320 | Snake:2  | Noticed a nagaraja
 38363 | Snake:2  | Killed a nagaraja
 38640 | Snake:2  | You fall into a shaft and drop 1 floor!
 39561 | Snake:3  | Reached skill level 5 in Ice Magic
 39713 | Snake:3  | Reached skill level 1 in Necromancy
 40505 | Snake:3  | Found a runed translucent door.
 41152 | Snake:3  | Reached XP level 16. HP: 113/128 MP: 25/25
 41422 | Snake:3  | Noticed Soawkar's ghost (adept GrFi)
 41436 | Snake:3  | Killed Soawkar's ghost
 41617 | Shoals:1 | Entered Level 1 of the Shoals
 41831 | Shoals:1 | Found a runed translucent gate.
 41831 | Shoals:1 | Found a runed translucent gate.
 41831 | Shoals:1 | Found a runed translucent gate.
 41835 | Shoals:1 | Found an opulent altar of Gozag.
 41839 | Shoals:1 | Noticed qdestroyer's ghost (journeyman MiFi)
 42266 | Shoals:1 | Reached skill level 1 in Translocations
 42697 | Shoals:2 | Noticed Ilsuiw
 42706 | Shoals:2 | Killed Ilsuiw
 42925 | Shoals:2 | Gained Wargath as an ally
 43295 | Shoals:2 | Found Ylijisti's Antique Armour Boutique.
 43863 | Shoals:2 | Reached skill level 9 in Fighting
 44723 | Shoals:2 | Noticed a titan
 44929 | Shoals:2 | Killed a titan
 44930 | Shoals:2 | Reached skill level 10 in Fighting
 46183 | Shoals:3 | Found a bloodstained altar of Trog.
 46414 | Shoals:3 | Reached skill level 11 in Fighting
 46718 | Shoals:2 | Noticed Polyphemus
 46726 | Shoals:2 | Killed Polyphemus
 46922 | Shoals:2 | Noticed a kraken
 47120 | Lair:4   | Killed Aricsoirch's ghost
 47274 | Lair:4   | Got a transparent golden ring
 47276 | Lair:4   | Identified the ring "Ygrint" {*Slow rC+ EV+4 Str+5} (You
                  | found it on level 4 of the Lair of Beasts)
 47277 | Lair:4   | meh
 47359 | Snake:4  | Entered Level 4 of the Snake Pit
 47474 | Snake:4  | Reached skill level 12 in Fighting
 47742 | Snake:4  | Found a shimmering altar of Xom.
 48411 | Snake:4  | Reached XP level 17. HP: 136/146 MP: 26/26
 49344 | Snake:4  | Your ally Morun died
 49349 | Snake:4  | Reached skill level 10 in Crossbows
 50452 | Snake:4  | Gained Warrok as an ally
 50458 | Snake:4  | Your ally Warrok died
 50630 | Snake:4  | Learned a level 3 spell: Portal Projectile
 50721 | Snake:4  | Reached skill level 1 in Hexes
 50725 | Snake:4  | Got a serpentine rune of Zot
 51166 | Shoals:4 | Entered Level 4 of the Shoals
 52163 | Shoals:4 | Found Iramigh's Magic Scroll Emporium.
 52575 | Shoals:4 | Bought a scroll of summoning for 133 gold pieces
 52575 | Shoals:4 | Bought a scroll of identify for 28 gold pieces
 54800 | Shoals:4 | Learned a level 4 spell: Cause Fear
 55242 | Shoals:4 | Gained Urtork as an ally
 55394 | Shoals:4 | Reached skill level 5 in Hexes
 55586 | Shoals:4 | Got a barnacled rune of Zot
 55624 | Shoals:4 | Gained Marbork as an ally
 55639 | Shoals:4 | Gained Bogfrid as an ally
 57261 | Vaults:1 | Entered Level 1 of the Vaults
 57627 | Vaults:1 | Identified the +8 rapier "Coishraho" {elec, MP+9} (You
                  | found it on level 1 of the Vaults)
 57628 | Vaults:1 | dang lol
 57649 | Vaults:1 | Noticed Saint Roka
 57667 | Vaults:1 | Killed Saint Roka
 58229 | Vaults:1 | Reached skill level 1 in Air Magic
 58229 | Vaults:1 | Reached XP level 18. HP: 87/154 MP: 27/27
 58730 | Vaults:1 | Identified the cursed +3 broad axe "Ogrebane" {flame, rN++}
 58740 | Vaults:1 | Learned a level 3 spell: Frozen Ramparts
 59325 | Vaults:1 | Found Lidot's Assorted Antiques.
 59333 | Vaults:1 | Bought 2 potions of curing for 156 gold pieces
 59333 | Vaults:1 | Bought 2 potions of curing for 156 gold pieces
 59333 | Vaults:1 | Bought a potion of haste for 260 gold pieces
 59333 | Vaults:1 | Bought a hardcover book for 390 gold pieces
 59333 | Vaults:1 | Bought a wand of digging (1) for 208 gold pieces
 59347 | Vaults:1 | Reached skill level 5 in Air Magic
 60897 | Vaults:2 | Got an ancient dagger
 60936 | Vaults:2 | Your ally Borgun died
 61393 | Vaults:2 | Reached skill level 13 in Fighting
 61409 | Vaults:2 | Found a staircase to the Crypt.
 62004 | Vaults:2 | Identified the cursed +1 dagger of a Thousand Wishes
                  | {freeze, rElec} (You found it on level 2 of the Vaults)
 62900 | D:5      | Bought a crude scale mail for 180 gold pieces
 62900 | D:5      | Identified the +3 scale mail of the Pirate {rC- Str-3
                  | Dex+10 SInv} (You bought it in a shop on level 5 of the
                  | Dungeon)
 63395 | D:14     | Reached skill level 1 in Armour
 63437 | D:14     | Found the +12 glaive of Prune {vorpal}
 63837 | Vaults:3 | Found a magical portal.
 63904 | WizLab   | Entered Iskenderun's Mystic Tower
 65099 | WizLab   | Reached XP level 19. HP: 166/166 MP: 28/28
 65273 | WizLab   | Reached skill level 5 in Armour
 65330 | WizLab   | Reached skill level 14 in Fighting
 65761 | WizLab   | Identified Iskenderun's Disquisition on Battle Magic
 65761 | WizLab   | Identified Iskenderun's Tome of Combat Magic
 65767 | WizLab   | Learned a level 2 spell: Blink
 66122 | Vaults:3 | Found a runed translucent door.
 66122 | Vaults:3 | Noticed Lolleill's ghost (adept DgTm)
 66137 | Vaults:3 | Killed Lolleill's ghost
 66779 | Vaults:3 | nice
 66779 | Vaults:3 | you survived
 66997 | Vaults:3 | Was placed under penance by Beogh
 67002 | Vaults:3 | sorry bud
 67829 | Vaults:3 | Was forgiven by Beogh
 67831 | Vaults:3 | Reached skill level 10 in Staves
 68818 | Vaults:3 | Noticed Asterion
 68826 | Vaults:3 | Gained mutation: Your magical capacity is low. (-10% MP) [a
                  | cacodemon]
 68837 | Vaults:3 | Killed Asterion
 69342 | Vaults:4 | Found a ruined gateway.
 69496 | Desolati | Entered the Desolation of Salt
 69774 | Desolati | Gained Wargath as an ally
 69791 | Desolati | Your ally Wargath died
 69795 | Desolati | Identified the ring of Tixin {rElec rC+}
 69945 | Desolati | Reached skill level 5 in Translocations
 69976 | Desolati | Reached XP level 20. HP: 172/174 MP: 24/26
 70616 | Desolati | Identified the +7 mace of Amorality {vamp, rF+++ rN+ Will+
                  | Str-5}
 71462 | Desolati | Found the +7 captain's cutlass {speed, disarm}
 71478 | Desolati | Got a crude steel ring
 71481 | Desolati | Identified the ring "Veuptuys" {+Fly rElec rF++ rN+ Int-2}
                  | (You found it in the Desolation of Salt)
 71636 | Desolati | Identified Minoast's Papyrus of Fetching Summoning
 71643 | Desolati | Identified the cursed +0 scale mail "Ihicijup" {Str+2} (You
                  | found it in the Desolation of Salt)
 71656 | Desolati | Got a smoking leather armour
 71661 | Desolati | Identified the Grimoire of Sinister Transmigration
 72796 | Vaults:4 | Noticed Boris
 72797 | Vaults:4 | oh hey boris
 72798 | Vaults:4 | Noticed Frederick
 72799 | Vaults:4 | oh frederick too
 73102 | Vaults:4 | Found a roughly hewn altar of Beogh.
 73112 | Vaults:4 | Gained Margrim as an ally
 73114 | Vaults:4 | Your ally Margrim died
 73123 | Vaults:4 | Gained Brunolf as an ally
 73124 | Vaults:4 | Reached skill level 10 in Armour
 73447 | Vaults:4 | Found Yluqu's Jewellery Emporium.
 73495 | Vaults:4 | Killed Frederick
 73817 | Vaults:4 | Killed Boris
 74711 | Orc:2    | Bought the ring "Qiojauna" {Wiz Int+3 Dex+5 Stlth-} for 733
                  | gold pieces
 74931 | Depths:1 | Entered Level 1 of the Depths
 75559 | Depths:1 | Reached XP level 21. HP: 156/181 MP: 26/27
 76334 | Depths:1 | Noticed Boris
 76386 | Depths:1 | Killed Boris
 76494 | Depths:1 | Found Zuregen's Antique Armour Emporium.
 76494 | Depths:1 | Found Peogeduv's Gadget Shoppe.
 76731 | Depths:1 | Found a broken altar of Ashenzari.
 77292 | Depths:1 | Found a gateway to Hell.
 77710 | Depths:2 | Got a fine trident
 77711 | Depths:2 | Identified the +4 trident "Juih Tau" {vorpal, rElec rPois
                  | Str+2 Int-4} (You found it on level 2 of the Depths)
 77713 | Depths:2 | Identified the +1 leather armour of Geestrep {Int+5 Slay-5}
                  | (You found it in the Desolation of Salt)
 78741 | Depths:2 | Noticed an ancient lich
 78749 | Depths:2 | Killed an ancient lich
 78752 | Depths:2 | Your ally Worak died
 79092 | Depths:1 | Your ally Urtork died
 79106 | Depths:2 | Reached skill level 15 in Fighting
 79735 | Depths:2 | Slain by a deep elf blademaster

Illustrated notes #...†..## #...## .# ###.[....# #o...## .# ......##### #.....###.### .####.....# #...#.#.# ..# ##.[ #.....### #.....#.###.#).... ##.##..#>####...v...(.(()..... .###...#..#..##...§..#.###(#(#... ....._.......##...§..#...#[# # #..#...###.#.##<@.§..###.### #..##.## #.#.##..§..## .... #. ...# #.#.##....## #.### # [...# #.#.##...## .... ####.. ..#.##...######.###### ..# ###.##...#...........# ### #..#....#####.#####. ##.#...#...........# #..#..######.###### Turn 8870 on D:7: lol give me that chain mail maybe #.....#######.. #.....#........(# .# #.......######..## .# #...†..## #...## .# ##.[....# #....## .# .....##### #.....###.### # ####.....# #...#.#.# ..# ##.[) #.....### #.....#.###.#)....= ##.##..#>####o@.....(.(()...... ###...#..#..##......#.###(#(#...# ...._.......##......#...#[# # # ..#...###.#.##<....(###.### ..##.## #.#.##.....## .... . ...# #.#.##..(.## #.### [...# #.#.##...## .... ####.. ..#.##...######.###### ..# ###.##...#...........# Turn 8889 on D:7: dang that's a good ring ......#...#[#.##.###.##.##...##.. <.....###.####.###.###.####.###.. .Z...##.....###.#...#.## #.# ##) ....#####.######..)..## #.# ## ...##.........####.### #.# # ...######.######..)..# #.#. ...#...........#.##..#####...#### .O..#####.#####...##.......⌠..... ...#...........#@##..#####...#### #..######.######.....# #.#[ ##.##........)####.#### #.# # ....#####.#####..[....## #.# ## .##..##.....##..#####..## #.# ##. ......###.###..## ##..###.###.. ...>#..J..J...#########.......... ....##.#####.........######...... ....##.#########.....# ####### Turn 9810 on D:7: F ##.#≈≈≈≈....)....≈≈≈≈#.## ##..#......≈≈≈≈≈......#..## #≈..#.....≈≈...≈≈.....#..≈# #≈..'..≈.≈≈.≈.≈.≈≈.≈..'..≈# #≈..#.≈≈.≈.≈≈.≈≈.≈.≈≈.#o.≈# #≈..#.≈.≈≈.≈...≈.≈≈.≈.#o.≈# #≈..#.≈.≈.≈≈...≈≈.≈.≈.#..≈# #≈..#.≈.≈.≈.⌠∩⌠.≈o≈.≈.#o.≈# #≈.)#.≈.≈o≈..@..≈.≈.≈)#o.≈# #≈..#.≈.≈.≈.⌠∩⌠.≈.≈.≈.#o.≈# #≈..#.≈.≈.≈≈...≈≈o≈.≈.#..≈# #≈.)#.≈.≈≈.≈...≈o≈≈.≈.#..≈# #≈.o#.≈≈.≈o≈≈≈≈≈.≈.≈≈)#..≈# #≈.o##.≈.≈≈.o).)≈≈.≈.##..≈# #≈..o#.≈≈.≈≈≈.≈≈≈.≈≈.#⌠..≈# #≈..o#..≈≈).≈.≈).≈≈..#...≈# #≈..o#.⌠.≈≈≈...≈≈≈.⌠.#.).≈# Turn 14551 on Bailey: not bad .†..P.................# PP.....#.....)........# ......)#.............## ..P..#.#.............# ..♣♣.##.........§....# .###.##P.....§.o.....## .###.###........o.....# ###P.###......).F.†..## # ##..#.....F...@.....# ###..##.......§......P# ##...# ..............## ##...###.............# ##.#................... ........................ ##P#.P.#.##..P.......#.# ######## ############### Turn 22382 on Lair:6: dang )..)......# >.(.......# #..# .)........# #..# ..........# #..# ..)(......# #..# ..........# #..# ..........######..#####. ....†.......[..ooe.....$ ..............oo@Wp..... ####...........o##....#. # #............# #..# # #............# ... # #.......|....# . # #......(.....# # #............# # #............# ####................ Turn 23276 on D:11: oh #..........#..o..#...... #..........#.<...#...... #######....#.....#...... #....####### ..... #....# ##.[ #....# #....# #.oo.# # #..@o# . #....# . #....# #....# #....# #....# #....# #....# Turn 26977 on D:14: LET'S GOOOOO

##....####.##P...?..##..###.....+
#.....##P..##P........P..#PP..!#.
##....###................#.....##
##.....##..###♣♣#⌠...⌠#♣♣..+...##
#.....##...# ♣.♣##(##♣.♣P#P...##
#......##### ♣....).♣♣)♣♣#P....#
##.....## ♣♣♣...♣.♣.♣♣ #......
........######.♣♣......♣♣##P..o..
...............♣@♣♣....♣......o..
...............♣♣...♣.♣♣.........
................♣♣♣♣♣♣♣###......P
##.................♣♣♣...#.......
##......#.+##..[..............oP.
#.......#...#......##............
#.....###..........##.P.........o
##.........###o.........#........
.'.........P##......#..........oo


Turn 47277 on Lair:4: meh ......#......# #....#......# #....#......#
#....#)∩....# #....#......# #....)......# #....######## #.oo........
#.@.......... #.o............ #.............. #.............. #..............
..#+######## ... ### Turn 57628 on Vaults:1: dang lol *.#)#...#.#.#****+*******
*#.#.#.#.#.##...,,,,,,..* #.#.#.#.#.#.#[..,*,*,...* ##.#.....#.##..,,*##...,*
#(#....(..#.#..,,#(#..,,* #..#.....#..#.##*...##*,* #.#.......#.#..#,...$#,,*
##.#.....#o##.###[..#**,* #.#.#.#.#.#.oo.o@#,*,,,,* ##.#.#.#.#.##..
